 Dungeon Crawl Stone Soup version 0.27-a0-346-ga689d4a613 (webtiles) character file.

Game seed: 14025104157538708957

856 rednaxela the Conjurer (level 8, -3/48 HPs)
             Began as an Octopode Hedge Wizard on Feb 16, 2021.
             Was an Initiate of Sif Muna.
             Shot with an arrow by a centaur (6 damage)
             ... on level 5 of the Dungeon.
             The game lasted 00:17:08 (4933 turns).

rednaxela the Conjurer (Octopode Hedge Wizard)      Turns: 4933, Time: 00:17:08

Health: -3/48      AC:  6    Str:  9    XL:     8   Next: 2%
Magic:  4/14       EV: 13    Int: 19    God:    Sif Muna [......]
Gold:   340        SH:  5    Dex: 11    Spells: 6/15 levels left

rFire    . . .     SeeInvis .   l - +7 short sword (elec)
rCold    . . .     Faith    .   (no shield)
rNeg     . . .     Spirit   .   b - +1 hat
rPois    .         Reflect  +   n - amulet of reflection
rElec    .         Harm     .   e - +4 ring of protection
rCorr    +         Rampage  .   a - ring of flight
Will     +....                  y - ring of resist corrosion
Stlth    +++.......             u - ring of willpower
HPRegen  0.16/turn              (no ring)
MPRegen  0.14/turn              (no ring)
                                (no ring)
                                (no ring)

@: very slightly contaminated
A: almost no armour, stealthy swim, amphibious, 8 rings, constrict 8, camouflage
1, gelatinous body 1
a: Renounce Religion, Evoke Flight


You were on level 5 of the Dungeon.
You worshipped Sif Muna.
Sif Muna was noncommittal.
You visited 2 branches of the dungeon, and saw 6 of its levels.

You collected 340 gold pieces.

Inventory:

Hand Weapons
 l - a +7 short sword of electrocution (weapon)
Armour
 b - a +1 hat (worn)
Jewellery
 a - a ring of flight (right tentacle)
 e - a +4 ring of protection (left tentacle)
 n - an amulet of reflection (around mantle)
 r - a ring of ice
 u - a ring of willpower (on tentacle)
 w - a ring of ice
 y - a ring of resist corrosion (on tentacle)
Wands
 q - a wand of random effects (22)
Scrolls
 c - a scroll of enchant armour
 d - 3 scrolls of teleportation {unknown}
 f - 3 scrolls of immolation
 g - 2 scrolls of blinking {unknown}
 s - a scroll of magic mapping {unknown}
 v - a scroll of random uselessness {unknown}
 x - 2 scrolls of identify
Potions
 h - 2 potions of heal wounds
 i - a potion of resistance {unknown}
 j - a potion of attraction {unknown}
 k - 3 potions of curing {unknown}
 m - a potion of cancellation {unknown}
 o - a potion of magic {unknown}
 p - a potion of invisibility {unknown}
 t - a potion of haste {unknown}
 z - a potion of brilliance {unknown}


   Skills:
 + Level 1.4 Fighting
 + Level 2.8 Dodging
 - Level 3.1 Stealth
 + Level 4.4 Spellcasting
 + Level 4.5 Conjurations
 - Level 1.3 Summonings
 - Level 3.0 Translocations
 - Level 3.0 Fire Magic
 - Level 2.0 Air Magic
 - Level 3.0 Poison Magic


You had 6 spell levels left.
You knew the following spells:

 Your Spells              Type           Power        Failure   Level
a - Magic Dart            Conj           84%          1%          1
b - Conjure Flame         Conj/Fire      18%          9%          3
c - Mephitic Cloud        Conj/Pois/Air  16%          11%         3
t - Blink                 Tloc           N/A          6%          2

Your spell library contained the following spells:

 Spells                   Type           Power        Failure   Level
 Call Imp                 Summ           9%           12%         2
 Slow                     Hex            4%           21%         2


Dungeon Overview and Level Annotations

Branches:
Dungeon (5/15)             Temple (1/1) D:4

Altars:
Cheibriados
Dithmenos
Elyvilon
Fedhas
Hepliaklqana
Kikubaaqudgha
Nemelex Xobeh
Okawaru
Ru
Sif Muna
Trog
Uskayaw
Wu Jian
Zin
The Shining One
Beogh

Annotations:
D:4 3 runed translucent doors, Morgoth's ghost, amateur DgAr


Innate Abilities, Weirdness & Mutations

You cannot wear most types of armour.
You are very stealthy in the water. (Stealth+)
You are amphibious.
You can wear up to eight rings at the same time.
You can use your tentacles to constrict eight enemies at once.
Your skin changes colour to match your surroundings (Stealth+).
Your rubbery body absorbs attacks. (AC +1, EV +1)


Message History

The quokka closely misses you.
The centaur hits you with a +0 long sword!
You closely miss the centaur. You squeeze the centaur.
The centaur is heavily wounded.
You block the quokka's attack.
The centaur hits you with a +0 long sword.
You barely miss the centaur.
The centaur is heavily wounded.
The centaur hits you with a +0 long sword!
* * * LOW HITPOINT WARNING * * *
The quokka barely misses you. The hound closely misses you.
Casting: Mephitic Cloud (dangerous; 11% risk of failure)
Confirm with . or Enter, or press ? or * to list all spells.
You blink.
A giant cockroach comes into view.
The centaur unwields a +0 long sword.
The centaur wields a +0 shortbow.
The centaur shoots an arrow.
The arrow barely misses you.
The centaur shoots an arrow.
The arrow hits you!
* * * LOW HITPOINT WARNING * * *
Found a paperback book.
Casting: Blink (safe; 6% risk of failure)
Confirm with . or Enter, or press ? or * to list all spells.
Okay, then.
Casting: Blink (safe; 6% risk of failure)
Confirm with . or Enter, or press ? or * to list all spells.
Aiming: Mephitic Cloud (dangerous; 11% risk of failure)
Press: ? - help, Shift-Dir - straight line, p - centaur The ball explodes into a vile cloud!
The stinking cloud engulfs the centaur but does no damage.
The centaur is heavily wounded.
The centaur shoots an arrow.
The arrow hits you.
* * * LOW HITPOINT WARNING * * *
Casting: Mephitic Cloud (dangerous; 11% risk of failure)
Confirm with . or Enter, or press ? or * to list all spells.
Aiming: Mephitic Cloud (dangerous; 11% risk of failure)
Press: ? - help, Shift-Dir - straight line You miscast Mephitic Cloud.
You are very lightly contaminated with residual magic.
Nothing appears to happen.
The centaur shoots an arrow.
The arrow hits you.
You die...

##......####.#
#.
##......###.#
#.
######.§.?....#
#.
#......○c○..#.#
#####.
#....8.8°8..#.#
......
#.......○○.....
......
#....hr........
.......
#.........#.#.#
######.
####..@.)_#.. #
... #......# #.
#.#. #........#
#.#. #....:B..#
# ..
..8.8.8....
##.......##.
.........
#####.#####


You could see a centaur (strong), a hound, a quokka and a giant cockroach.

Vanquished Creatures
  Sigmund (D:2)
  An ogre (D:4)
  A centaur (D:5)
  A phantom (D:5)
  A bullfrog skeleton (D:5)
  Crazy Yiuf (D:3)
  Jessica (D:3)
  Terence (D:2)
  3 orc wizards (D:5)
  4 worker ants
  Robin (D:2)
  6 adders
  7 dart slugs
  3 leopard geckos
  4 orcs
  A ball python (D:1)
  13 bats
  10 giant cockroaches
  17 goblins
  6 hobgoblins
  5 jackals
  10 kobolds
  2 quokkas
  4 frilled lizards
  9 rats
113 creatures vanquished.

Vanquished Creatures (others)
  A plant (Temple)
1 creature vanquished.

Grand Total: 114 creatures vanquished

Notes
Turn   | Place    | Note
-------+----------+-------------------------------------------
     0 | D:1      | rednaxela the Octopode Hedge Wizard began the quest for the
                  | Orb.
     0 | D:1      | Reached XP level 1. HP: 11/11 MP: 4/4
   185 | D:1      | Reached XP level 2. HP: 17/17 MP: 6/6
   251 | D:1      | Reached XP level 3. HP: 12/21 MP: 7/7
   255 | D:1      | Learned a level 3 spell: Mephitic Cloud
   258 | D:1      | Learned a level 2 spell: Blink
   903 | D:2      | Noticed Sigmund
   914 | D:2      | Killed Sigmund
   915 | D:2      | Reached XP level 4. HP: 27/27 MP: 6/10
   915 | D:2      | Reached XP level 5. HP: 31/31 MP: 6/11
   919 | D:2      | Learned a level 3 spell: Conjure Flame
  1089 | D:2      | Noticed Robin
  1094 | D:2      | Reached XP level 6. HP: 34/36 MP: 12/12
  1099 | D:2      | Killed Robin
  1222 | D:2      | Reached skill level 1 in Poison Magic
  1280 | D:2      | Reached skill level 1 in Fire Magic
  1290 | D:2      | Reached skill level 1 in Air Magic
  1509 | D:2      | Noticed Terence
  1517 | D:2      | Killed Terence
  2201 | D:3      | Found a sacrificial altar of Ru.
  2226 | D:3      | Found a runed translucent door.
  2227 | D:3      | Noticed Crazy Yiuf
  2236 | D:3      | Killed Crazy Yiuf
  2573 | D:3      | Noticed Jessica
  2577 | D:3      | Killed Jessica
  2736 | D:4      | Noticed Morgoth's ghost (amateur DgAr)
  2738 | D:4      | Found a runed translucent gate.
  2740 | D:4      | Found a runed translucent gate.
  2742 | D:4      | Found a runed translucent gate.
  2744 | D:4      | Found a roughly hewn altar of Beogh.
  2745 | D:4      | Identified the +6 hunting sling of Uncertain Death {freeze,
                  | Will- Int+7 Dex+4}
  2745 | D:4      | Identified the +4 chain mail "Ifutomas" {*Corrode MP+9
                  | Slay+3}
  2828 | D:4      | Found a staircase to the Ecumenical Temple.
  2872 | Temple   | Entered the Ecumenical Temple
  3407 | Temple   | Became a worshipper of Sif Muna the Loreminder
  3447 | D:4      | Reached XP level 7. HP: 41/41 MP: 13/13
  3517 | D:4      | Found a snail-covered altar of Cheibriados.
  3546 | D:4      | Found a bloodstained altar of Trog.
  3683 | D:4      | Identified the +5 rapier of the Screaming Fulmar {pain,
                  | rPois Will+ Int-2 Dex+5}
  3921 | D:5      | Entered Level 5 of the Dungeon
  4351 | D:5      | Found a shadowy altar of Dithmenos.
  4518 | D:5      | Reached skill level 1 in Fighting
  4755 | D:5      | Reached XP level 8. HP: 48/48 MP: 10/14
  4880 | D:5      | Found an ancient bone altar of Kikubaaqudgha.
  4923 | D:5      | Found a hide-covered altar of Uskayaw.
  4933 | D:5      | Shot with an arrow by a centaur

Illustrated notes

Levels and vault maps discovered:
D:1:      amcnicky_arrival_abandoned_market, layout_rooms
D:2:      minmay_thinvault, layout_basic, uniq_robin, uniq_sigmund, uniq_terence
D:3:      layout_basic, hangedman_ru_absence, minmay_distorted, uniq_jessica,
          uniq_crazy_yiuf_cottage
D:4:      layout_loops_ring, kennysheep_slug_shrine, minmay_temple_entry_waves,
          biasface_ghost_orc_armoury, lemuel_statue_altar
D:5:      layout_loops_cross, eat_drink_and_be_merry_uskayaw,
          nicolae_dithmenos_shadow_blocks, lightli_temple_of_fire, basic_altar,
          small_statue_intersection
Temple:   jpeg_temple_island

Skill      XL: |  1  2  3  4  5  6  7 |
---------------+----------------------+-----
Stealth        | 3 |  3.1
Conjurations   | 4 |  4.5
Spellcasting   | 4 |  4.4
Poison Magic   | 2 3 |  3.0
Fire Magic     | 2 3 |  3.0
Air Magic      | 2 |  2.0
Translocations | 3 |  3.0
Fighting       | 1 |  1.4
Dodging        | |  2.8
Summonings     | |  1.3

Action                   |  1- 3 |  4- 6 |  7- 9 || total
-------------------------+-------+-------+-------++-------
Melee: Dagger            |    11 |       |       ||    11
       Constrict         |    16 |    29 |     7 ||    52
       Hand axe          |    49 |    22 |       ||    71
       Tentacles         |    10 |    13 |     9 ||    32
       Short sword       |       |    99 |    46 ||   145
 Cast: Magic Dart        |    17 |     1 |       ||    18
       Mephitic Cloud    |     1 |     2 |     7 ||    10
       Blink             |       |       |     2 ||     2
  Use: Scroll            |       |    10 |       ||    10
 Stab: Confused          |     1 |     1 |     1 ||     3
       Sleeping          |       |    22 |     2 ||    24
Armor: Skin              |    19 |    20 |     4 ||    43
Dodge: Dodged            |    56 |    55 |    28 ||   139
Block: Other             |       |     7 |    11 ||    18
       Reflection        |       |       |     1 ||     1

Table legend: (Time is in decaauts)
 A = Elapsed time spent in this place.
 B = Non-inter-level travel time spent in this place.
 C = Inter-level travel time spent in this place.
 D = Time resting spent in this place.
 E = Time spent auto-exploring this place.
 F = Levels seen in this place.
 G = Mean time per level.
                   A        B        C        D        E       F      G
               +--------+--------+--------+--------+--------+-----+--------+
         Total |   4968 |   4768 |    200 |     56 |   3622 |   6 |  828.0 |
       Dungeon |   4419 |   4219 |    200 |     56 |   3159 |   5 |  883.8 |
        Temple |    549 |    549 |      0 |      0 |    463 |   1 |  549.0 |
               +--------+--------+--------+--------+--------+-----+--------+

Top non-repeatable levels by time:
     D:4: 1075 daAuts
     D:2: 962 daAuts
     D:1: 947 daAuts
     D:3: 774 daAuts
     D:5: 659 daAuts
  Temple: 549 daAuts
